 Dungeon Crawl Stone Soup version 0.28.0-43-g3370ac3207 (webtiles) character file.

Game seed: 12066394831521537239

68 pkoi the Slasher (level 3, -1/24 (29) HPs)
             Began as a Demigod Warper on Mar 24, 2022.
             Succumbed to a kobold brigand's curare-tipped dart
             ... on level 3 of the Dungeon.
             The game lasted 00:04:21 (2408 turns).

pkoi the Slasher (Demigod Warper)                   Turns: 2408, Time: 00:04:21

HP:   -1/24 (29)    AC:  8    Str: 12    XL:     3   Next: 73%
MP:   8/8           EV: 15    Int: 29    God:
Gold: 115           SH:  0    Dex: 13    Spells: 1/6 levels left

rFire   . . .      SeeInvis .   i - +1 dagger (venom)
rCold   . . .      Faith    .   (no shield)
rNeg    . . .      Spirit   .   b - +0 leather armour
rPois   .          Reflect  .   (no helmet)
rElec   .          Harm     .   h - +0 cloak
rCorr   .          Rampage  .   (no gloves)
Will    .....                   (no boots)
Stlth   +.........              m - amulet of magic regeneration
HPRegen 0.08/turn               k - ring "Qiygaj" {AC+4 Int+10}
MPRegen 0.51/turn               p - +4 ring of evasion

@: lethally poisoned (-1 -> -22), hasted and slowed, heavily drained
A: high MP 1, forlorn, divine attributes
a: no special abilities


You were on level 3 of the Dungeon.
You visited 1 branch of the dungeon, and saw 3 of its levels.

You collected 115 gold pieces.

Inventory:

Hand Weapons
 a - a +0 falchion
 i - a +1 dagger of venom (weapon)
Missiles
 d - 4 boomerangs of dispersal (quivered)
 f - a throwing net
Armour
 b - a +0 leather armour (worn)
 h - a +0 cloak (worn)
Jewellery
 k - the ring "Qiygaj" (left hand) {AC+4 Int+10}
   (You found it on level 2 of the Dungeon)

   [ring of protection]

   AC:        It affects your AC (+4).
   Int:       It affects your intelligence (+10).
 m - an amulet of magic regeneration (around neck)
 p - a +4 ring of evasion (right hand)
Scrolls
 c - 2 scrolls of blinking
 n - 2 scrolls of vulnerability
 o - a scroll of identify
Potions
 g - a potion of magic
 l - a potion of berserk rage


   Skills:
 - Level 1.7 Fighting
 + Level 3.4 Long Blades
 - Level 0.8 Throwing
 + Level 1.1 Armour
 - Level 1.7 Dodging
 * Level 2.0 Spellcasting
 * Level 3.0 Translocations


You had one spell level left.
You knew the following spells:

 Your Spells              Type           Power      Damage    Failure   Level
a - Blink                 Tloc           40%        N/A       4%          2
b - Gell's Gravitas       Tloc           20%        N/A       10%         3

Your spell library contained the following spells:

 Spells                   Type           Power      Damage    Failure   Level
 Lesser Beckoning         Tloc           20%        N/A       10%         3
 Teleport Other           Tloc           20%        N/A       10%         3
 Manifold Assault         Tloc           20%        N/A       65%         5
 Alistair's Intoxication  Tmut/Pois      1%         N/A       96%         5
 Borgnjor's Vile Clutch   Necr/Erth      1%         N/A       96%         5
 Eringya's Noxious Bog    Tmut/Pois      1%         N/A       100%        6


Dungeon Overview and Level Annotations

Branches:
Dungeon (3/15)

Shops:
D:3 *(([


Innate Abilities, Weirdness & Mutations

You have an increased reservoir of magic. (+10% MP)
You shall have no god before yourself.
Your divine heritage dramatically boosts your attributes as you level up.


Message History

You punch the kobold brigand, but do no damage.
The kobold brigand is lightly wounded.
The kobold hits you with a +0 dagger.
You hit the kobold brigand but do no damage.
The kobold brigand looks as sick as possible!
The kobold brigand is lightly wounded.
The kobold hits you but does no damage. The kobold closely misses you.
You barely miss the kobold brigand.
The kobold brigand is moderately wounded.
The kobold brigand hits you but does no damage.
You feel drained. The kobold misses you.
You miss the kobold brigand.
The kobold brigand is heavily wounded.
The kobold brigand hits you but does no damage.
You feel drained. The kobold misses you.
You hit the kobold brigand but do no damage.
The kobold brigand looks as sick as possible!
The kobold brigand is heavily wounded.
The kobold brigand hits you with a +3 dagger of speed!
* * * LOW HITPOINT WARNING * * *
The kobold brigand hits you with a +1 dagger of draining.
* * * LOW HITPOINT WARNING * * *
You feel drained.
* * * LOW HITPOINT WARNING * * *
The kobold brigand hits you with a +3 dagger of speed.
* * * LOW HITPOINT WARNING * * *
The kobold closely misses you. The kobold brigand closely misses you.
The kobold brigand throws a poisoned dart.
The poisoned dart barely misses you.
You see here a +0 dagger.
The kobold brigand throws a curare-tipped dart.
The curare-tipped dart hits you.
You are lethally poisoned!
You have difficulty breathing.
* * * LOW HITPOINT WARNING * * *
You feel yourself slow down.
You see here a +0 club.
It was a potion of haste.
You feel yourself speed up.
You die...

#.# #..# #..## #.#
#<.#≈##..# ## #.#
#..#≈≈#..## .# #.#
#...≈≈##K.# .# #.#
#..≈≈≈≈#.K# .####.#
##.≈≈≈≈#K.#
..##..####.≈≈≈≈#KK#
#..†....##..≈≈##).#
#.......##..≈≈#.@##
#............≈#..#
........####.(#..##
..................#
........######....#
#.......# ###.##
#.......# #.#
######### ... ....


You could see 2 kobold brigands and 3 kobolds.

Vanquished Creatures
  An adder (D:2)
  A worm (D:3)
  2 dart slugs
  2 orcs (D:3)
  2 endoplasms
  2 giant cockroaches
  2 hobgoblins
  4 quokkas
  6 ball pythons
  5 bats
  2 frilled lizards
  7 goblins
  8 kobolds
  3 rats
47 creatures vanquished.

Vanquished Creatures (others)
  A quokka (D:3)
1 creature vanquished.

Grand Total: 48 creatures vanquished

Notes
Turn   | Place    | Note
-------+----------+-------------------------------------------
     0 | D:1      | pkoi the Demigod Warper began the quest for the Orb.
     0 | D:1      | Reached XP level 1. HP: 17/17 MP: 5/5
   629 | D:1      | Reached XP level 2. HP: 23/24 MP: 7/7
  1019 | D:2      | Identified the ring "Qiygaj" {AC+4 Int+10}
  1123 | D:2      | Reached XP level 3. HP: 22/29 MP: 8/8
  1129 | D:2      | Learned a level 2 spell: Blink
  1133 | D:2      | Learned a level 3 spell: Gell's Gravitas
  1697 | D:2      | HP: 1/29 [poisoned by a goblin]
  1841 | D:2      | Reached skill level 1 in Armour
  1887 | D:3      | Found Vuacraq's Armour Shoppe.
  2306 | D:3      | Found Ythrorph Juodd's Antique Weapon Emporium.
  2325 | D:3      | Found Zoavihi's Weapon Shop.
  2335 | D:3      | Found Pemaablu's Assorted Antiques.
  2384 | D:3      | Noticed a kobold brigand
  2387 | D:3      | Noticed a kobold brigand
  2408 | D:3      | Succumbed to a kobold brigand's curare-tipped dart

Illustrated notes

Levels and vault maps discovered:
D:1:      minmay_arrival_glassed_features, layout_basic,
          chequers_serial_rivers_micro_d
D:2:      layout_rooms, chequers_ecumenical_altar_island,
          minmay_misc_feat_roman, minmay_nonomino_d4
D:3:      cheibrodos_thug_alley, layout_rooms, grunt_temple_overflow_holy_war,
          okawaru_ov_weapons_minmay, serial_shops, shop,
          nicolae_shop_bloodbath_and_beyond, shop, shop_statue

Skill      XL: |  1  2  3 |
---------------+----------+-----
Long Blades    | 2 3 |  3.4
Armour         | 1 |  1.1
Spellcasting   | 2 |  2.0
Translocations | 3 |  3.0
Fighting       | |  1.7
Throwing       | |  0.8
Dodging        | |  1.7

Action                   || total
-------------------------++-------
Melee: Falchion          ||   112
       Dagger            ||    50
       Punch             ||     1
Throw: Boomerang         ||     1
 Cast: Blink             ||     1
       Gell's Gravitas   ||     1
  Use: Scroll            ||     4
       Potion            ||     3
Armor: Leather armour    ||    68
Dodge: Dodged            ||   134
